 Dungeon Crawl Stone Soup version 0.13-a0-2676-gd993d8a (webtiles) character file.

96 4tharraofdagon the Covered (level 2, 0/22 HPs)
             Began as a Djinni Fighter on Aug 12, 2013.
             Was an Initiate of Makhleb.
             Slain by a jackal (2 damage)
             ... while paralysed by a potion of paralysis
             ... on Level 5 of the Dungeon.
             The game lasted 00:02:05 (501 turns).

4tharraofdagon the Covered (Djinni Fighter)          Turns: 501, Time: 00:02:05

HP   0/22        AC  6     Str 16      XL: 2   Next: 27%
MP   0/0         EV  2     Int  8      God: Makhleb [......]
Gold 82          SH  0     Dex 12      Spells:  0 memorised,  1 level left

Res.Fire  : + + +   See Invis. : .   g - -1,+1 battleaxe
Res.Cold  : x . .   Warding    : .   b - +0 scale mail
Life Prot.: + + +   Conserve   : .   (no shield)
Res.Poison: .       Res.Corr.  : .   (no helmet)
Res.Elec. : .       Clarity    : .   (no cloak)
Sust.Abil.: . .     Spirit.Shd : .   (no gloves)
Res.Mut.  : .       Stasis     : .   (boots unavailable)
Res.Rott. : .       Flight     : .   (no amulet)
Saprovore : . . .                    (no ring)
                                     (no ring)

@: paralysed, not resistant to hostile enchantments, extremely unstealthy
A: fire immunity, cold vulnerability, life protection 3
a: Renounce Religion


You were on level 5 of the Dungeon.
You worshipped Makhleb.
Makhleb was noncommittal.
You were not hungry.

You visited 2 branches of the dungeon, and saw 6 of its levels.

You collected 62 gold pieces.

Inventory:

Hand weapons
 a - a +0,+0 mace
 g - a -1,+1 battleaxe (weapon)
Armour
 b - a +0 scale mail (worn)
 c - a +0 shield
 d - a +1 dwarven buckler
Magical devices
 h - a wand of digging (15) {unknown}
Scrolls
 e - 2 scrolls of remove curse {unknown}
 i - a scroll of blinking {unknown}
 j - a scroll of enchant armour {unknown}
 k - a scroll of identify {unknown}
Jewellery
 f - a cursed ring of hunger {unknown}
Potions
 l - a potion of paralysis


   Skills:
 + Level 2.8 Fighting
 * Level 1.1 Axes
 - Level 2.2 Maces & Flails
 + Level 3.5 Armour
   Level 3.0 Shields


You had one spell level left.
You didn't know any spells.

Dungeon Overview and Level Annotations

Branches:
Dungeon (5/27)             Temple (1/1) D:4

Altars:
Cheibriados
Elyvilon
Fedhas
Makhleb


Innate Abilities, Weirdness & Mutations

You are immune to all types of fire, even holy and hellish.
You are vulnerable to cold.
You need no food.
You have no legs.
You are immune to negative energy.


Message History

You are too injured to fight recklessly!
Unknown command.
You are too injured to fight recklessly!
Drink which item? (? for menu, Esc to quit)
You suddenly lose the ability to move!
It was a potion of paralysis.
The jackal bites you but does no damage.
The hobgoblin hits you but does no damage.
The jackal bites you but does no damage.
The hobgoblin hits you but does no damage.
The jackal bites you.
* * * LOW HITPOINT WARNING * * *
The jackal bites you but does no damage.
The hobgoblin hits you.
* * * LOW HITPOINT WARNING * * *
The jackal barely misses you.
The hobgoblin hits you but does no damage.
The jackal bites you but does no damage.
The hobgoblin hits you but does no damage.
The jackal bites you.
You die...

#.# ##### #.#
....##.######
#..........#
#..........#
#..........#
###...<......#
...........h...#
..........@[..#
.$........g...#
....#.###....##
...#. #....# .
#[ #....# ..
.....# #....#
#....# ...


You could see a jackal and a hobgoblin.

Vanquished Creatures
  2 orcs
  A giant cockroach (D:3)
  2 hobgoblins
  A quokka (D:3)
  A ball python zombie (D:5)
  A giant gecko (D:3)
  2 kobolds
  A rat (D:4)
11 creatures vanquished.

Notes
Turn   | Place    | Note
--------------------------------------------------------------
     0 | D:1      | 4tharraofdagon, the Djinni Fighter, began the quest for the Orb.
     0 | D:1      | Reached XP level 1. HP: 16/16 MP: 0/0
   266 | D:4      | Reached skill level 1 in Axes
   266 | D:4      | Reached XP level 2. EP: 17/22
   371 | D:4      | Found a staircase to the Ecumenical Temple.
   381 | Temple   | Entered the Ecumenical Temple
   391 | Temple   | Became a worshipper of Makhleb the Destroyer
   486 | D:5      | Entered Level 5 of the Dungeon
   497 | D:5      | Paralysed by a potion of paralysis for 6 turns
   499 | D:5      | HP: 1/22 [hobgoblin (3)]
   501 | D:5      | Slain by a jackal

Action                   || total
-------------------------++-------
Melee: Battleaxe         ||    28
       Mace              ||    13
  Use: Scroll            ||     1
       Potion            ||     1
